AoeStats
← SunTzu_Player

Black Forest

510019684Analyzed
4v4 RM · 3d ago on Sep 29, 2026· 54m 46s· 8 players
Game mode
Random Map
Map size
Large (8 player)
Population
200
Speed
Normal
Resources
Standard
Victory
Conquest
Starting age
Dark Age
Ending age
Imperial Age
RankedLock teamsTeams togetherTeam positionsShared explorationLock speedFull tech treeHidden civsTurbo modeCheats
Victory
Defeat
🇵🇪 Malay · Peru
924
+15
🇨🇱 Spanish · Chile
912
+16
🇵🇪 Burmese · Peru
897
+16
🇲🇽 Koreans · Mexico
889
+17
🇺🇸 Magyars · United States
1004
-20
🇺🇸 Varangians · United States
970
-31
🇺🇸 Goths · United States
935
-17
🇺🇸 Jurchens · United States
706
-8
KILTROBOMBA
10:18 Feudal Age
10:47 Horse Collar
10:55 Double-Bit Axe
11:54 Wheelbarrow
13:57 Horse Collar
19:22 Castle Age
20:32 Hand Cart
21:04 Scale Barding Armor
21:56 Bloodlines
23:42 Husbandry
28:02 Fletching
29:31 Gold Mining
29:48 Town Watch
32:09 Heavy Plow
32:07 Pikeman
34:28 Squires
38:37 Imperial Age
36:22 Forging
38:05 Loom
38:50 Chain Barding Armor
39:05 Iron Casting
38:56 Cavalier
40:03 Gambesons
40:39 Caravan
40:46 Scale Mail Armor
42:46 Bow Saw
43:02 Murder Holes
43:35 Ballistics
45:08 Two-Man Saw
46:04 Plate Barding Armor
46:30 Blast Furnace
46:10 Paladin
46:17 Halberdier
51:43 Conscription
52:18 Chain Mail Armor
Blei Blei
8:22 Loom
12:28 Feudal Age
12:47 Double-Bit Axe
16:36 Gold Mining
20:17 Castle Age
20:45 Bow Saw
22:21 Wheelbarrow
25:51 Stone Mining
27:14 Hand Cart
27:52 Husbandry
28:09 Horse Collar
28:13 Fishing Lines
32:41 Imperial Age
30:49 Heavy Plow
32:35 Crop Rotation
32:38 Scale Barding Armor
32:52 Forging
32:42 Gillnets
34:24 Iron Casting
33:52 Padded Archer Armor
35:06 Chemistry
34:27 Ballistics
34:04 Elite Battle Elephant
35:22 Conscription
35:57 Forced Levy
36:23 Squires
37:27 Man-at-Arms
37:55 Arson
39:48 Blast Furnace
39:06 Leather Archer Armor
38:24 Long Swordsman
39:54 Gold Shaft Mining
38:55 Two-Handed Swordsman
43:04 Ring Archer Armor
47:26 Pikeman
48:02 Halberdier
SunTzu_Player
1:14 Loom
9:54 Feudal Age
20:39 Castle Age
22:30 Fishing Lines
30:32 Imperial Age
28:14 Stone Mining
32:16 Chemistry
31:37 Ballistics
30:58 Treadmill Crane
31:57 Caravan
33:17 Light Cavalry
34:07 Bloodlines
34:41 Fortified Wall
37:42 Scale Barding Armor
37:28 Fletching
37:41 Padded Archer Armor
38:04 Conscription
37:53 Gillnets
37:48 Horse Collar
39:03 Bodkin Arrow
39:22 Heavy Plow
41:00 Onager
42:18 Hussar
52:28 Elite Arambai
53:08 Manipur Cavalry
53:32 Chain Barding Armor
53:13 Bracer
54:06 Crop Rotation
SER
4:47 Loom
11:04 Feudal Age
11:14 Man-at-Arms
11:40 Arson
11:53 Double-Bit Axe
13:06 Forging
18:41 Fletching
20:54 Town Watch
22:13 Fishing Lines
29:00 Scale Mail Armor
32:56 Castle Age
33:09 Long Swordsman
34:05 Chain Mail Armor
34:27 Bow Saw
34:10 Gillnets
36:02 Iron Casting
38:50 Gold Mining
38:25 Pikeman
39:09 Squires
39:16 Town Patrol
44:23 Imperial Age
43:23 Treadmill Crane
45:01 Wheelbarrow
45:10 Gold Shaft Mining
44:26 Stone Mining
44:27 Two-Handed Swordsman
45:39 Plate Mail Armor
46:12 Two-Man Saw
45:50 Eupseong
46:11 Conscription
45:53 Eupseong
46:10 Hand Cart
47:53 Chemistry
46:33 Champion
46:35 Halberdier
50:04 Ballistics
53:38 Murder Holes
53:39 Bodkin Arrow
BarleyHopsTabletops
8:32 Loom
10:30 Feudal Age
11:09 Double-Bit Axe
11:05 Horse Collar
19:09 Castle Age
19:11 Bloodlines
20:03 Scale Barding Armor
22:59 Wheelbarrow
22:54 Forging
26:22 Bow Saw
26:14 Heavy Plow
27:40 Hand Cart
27:51 Chain Barding Armor
28:53 Husbandry
31:49 Iron Casting
31:07 Gold Mining
37:13 Ballistics
36:49 Murder Holes
37:06 Masonry
36:37 Treadmill Crane
37:21 Scale Mail Armor
40:18 Imperial Age
38:35 Town Watch
39:09 Chain Mail Armor
40:19 Cavalier
41:39 Plate Barding Armor
42:04 Blast Furnace
41:40 Caravan
42:43 Conscription
41:57 Vendel Legacy
43:37 Architecture
44:11 Chemistry
45:53 Town Patrol
48:28 Elite Jarl
cranks
1:01 Loom
12:07 Feudal Age
20:26 Castle Age
19:11 Fletching
19:32 Double-Bit Axe
34:26 Bow Saw
34:04 Horse Collar
35:41 Wheelbarrow
34:53 Town Watch
39:44 Imperial Age
39:09 Hand Cart
39:17 Gold Mining
42:21 Two-Man Saw
42:21 Heavy Plow
43:22 Squires
43:25 Anarchy
42:46 Elite Huskarl
43:47 Conscription
43:41 Forging
43:31 Scale Mail Armor
45:16 Iron Casting
44:53 Perfusion
44:35 Capped Ram
46:24 Chain Mail Armor
48:18 Blast Furnace
47:40 Pikeman
49:33 Man-at-Arms
50:26 Long Swordsman
50:47 Two-Handed Swordsman
51:25 Champion
51:55 Halberdier
nameBURRITO
1:09 Loom
12:18 Feudal Age
12:46 Double-Bit Axe
12:44 Horse Collar
21:43 Castle Age
19:43 Gold Mining
19:47 Stone Mining
25:39 Siege Engineers
26:34 Bow Saw
28:26 Heavy Plow
31:15 Fortified Wall
31:26 Ballistics
31:47 Stone Shaft Mining
35:08 Padded Archer Armor
37:15 Leather Archer Armor
41:15 Gold Shaft Mining
45:20 Imperial Age
43:29 Wheelbarrow
46:56 Thunderclap Bombs
DadJokesLive
11:57 Feudal Age
14:08 Loom
16:39 Castle Age
14:54 Double-Bit Axe
15:40 Horse Collar
18:42 Bloodlines
21:24 Wheelbarrow
20:44 Gold Mining
23:24 Scale Barding Armor
24:02 Husbandry
27:32 Hand Cart
27:54 Bow Saw
28:06 Stone Mining
28:25 Caravan
34:43 Imperial Age
32:03 Town Watch
33:15 Heavy Plow
33:01 Treadmill Crane
34:13 Corvinian Army
35:42 Cavalier
36:45 Chain Barding Armor
36:55 Elite Magyar Huszar
37:35 Paladin
41:45 Plate Barding Armor
41:01 Fletching
41:49 Crop Rotation
42:22 Two-Man Saw
41:30 Capped Ram
42:47 Town Patrol
43:33 Thumb Ring
43:26 Bodkin Arrow
48:08 Parthian Tactics
47:50 Heavy Cavalry Archer
49:07 Bracer
49:39 Elite Skirmisher
Connection lost

Rejoining the realm…

Still unreachable

The connection could not be restored.

Session expired

The server has moved on; the page needs a fresh start.